 Dungeon Crawl Stone Soup version 0.30-a0-311-gf115ab0292 (webtiles) character file.

Game seed: 13800927225076330515

66916 ytrimaz the Transmogrifier (level 14, -2/185 HPs)
             Began as a Troll Transmuter on Oct 24, 2022.
             Was the Champion of Cheibriados.
             Killed from afar by a merfolk aquamancer (18 damage)
             ... with a torrent of water
             ... on level 1 of the Shoals on Oct 25, 2022.
             The game lasted 00:24:06 (18543 turns).

ytrimaz the Transmogrifier (Troll Transmuter)      Turns: 18543, Time: 00:24:07

Health: -2/185     AC: 31    Str: 36    XL:     14   Next: 81%
Magic:  20/20      EV: 22    Int: 31    God:    Cheibriados [******]
Gold:   1381       SH:  0    Dex: 25    Spells: 2/22 levels left

rFire   . . .      SeeInvis .      - Unarmed
rCold   . . .      Faith    .    (no shield)
rNeg    + . .      Spirit   .    (body armour currently unavailable)
rPois   ∞          Reflect  .    h - +2 hat {Int+3}
rElec   +          Harm     .    G - +0 cloak
rCorr   +          Rampage  .    (gloves unavailable)
Will    +....                    (boots unavailable)
Stlth   ++........               t - amulet of regeneration
HPRegen 2.10/turn                K - +4 ring of evasion
MPRegen 0.17/turn                c - ring of resist corrosion

@: statue-form, very slow
A: slow and powerful, torment resistance 1, boosted hp, large, unfitting armour,
claws 3, regeneration 1, (shaggy fur 1), (tough skin 1)
a: End Transformation, Renounce Religion, Bend Time, Temporal Distortion,
Slouch, Step From Time


You were on level 1 of the Shoals.
You worshipped Cheibriados.
Cheibriados was exalted by your worship.
You were a living statue of rough stone.
You visited 6 branches of the dungeon, and saw 22 of its levels.

You collected 1829 gold pieces.
You spent 448 gold pieces at shops.


Innate Abilities, Weirdness & Mutations

You are a living statue of rough stone.
Your actions are slow, but your melee attacks are powerful.
You are resistant to unholy torment.
Your maximum health is greatly increased.
You are immune to poison.
Your equipment is partially melded.
You are too large for most types of armour.
You have claws for hands.
Your natural rate of healing is unusually fast.
((You are covered in fur. (AC +1)))
((You have tough skin. (AC +1)))


   Skills:
 - Level 10.0 Fighting
 - Level 0.9 Throwing
 - Level 10.0 Dodging
 - Level 10.0 Unarmed Combat
 + Level 4.7 Spellcasting
 + Level 13.2 Transmutations
 - Level 10.0 Earth Magic


You had 2 spell levels left.
You knew the following spells:

 Your Spells              Type           Power      Damage    Failure   Level
a - Statue Form           Tmut/Erth      45%        N/A       8%          6
b - Wereblood             Tmut           74%        N/A       1%          2
c - Storm Form            Tmut/Air       24%        N/A       97%         7
d - Irradiate             Conj/Tmut      24%        3d19      11%         5

Your spell library contained the following spells:

 Spells                   Type           Power      Damage    Failure   Level
 Beastly Appendage        Tmut           100%       N/A       1%          1
 Sandblast                Erth           100%       2d20      1%          1
 Sting                    Tmut/Pois      100%       1d8       1%          1
 Passwall                 Tmut/Erth      56%        N/A       1%          2
 Apportation              Tloc           14%        N/A       5%          1
 Necrotise                Necr           28%        1d5       5%          1
 Shock                    Conj/Air       28%        1d4       5%          1
 Blink                    Tloc           14%        N/A       9%          2
 Ensorcelled Hibernation  Hex/Ice        14%        N/A       9%          2
 Poisonous Vapours        Pois/Air       14%        N/A       9%          2
 Static Discharge         Conj/Air       14%        2-3/arc   9%          2
 Sublimation of Blood     Necr           7%         N/A       9%          2
 Spider Form              Tmut/Pois      48%        N/A       1%          3
 Petrify                  Tmut/Erth      68%        N/A       1%          4
 Stone Arrow              Conj/Erth      76%        3d11      2%          3
 Lee's Rapid Deconstruct  Erth           31%        3d16*     2%          5
 Ice Form                 Ice/Tmut       48%        N/A       3%          4
 Leda's Liquefaction      Hex/Erth       19%        N/A       7%          4
 Alistair's Intoxication  Tmut/Pois      32%        N/A       11%         5
 Call Canine Familiar     Summ           7%         N/A       17%         3
 Portal Projectile        Hex/Tloc       14%        N/A       17%         3
 Swiftness                Air            7%         N/A       17%         3
 Vampiric Draining        Necr           7%         2d6       17%         3
 Airstrike                Air            3%         2d(1-17)  50%         4
 Anguish                  Hex/Necr       3%         N/A       50%         4
 Iskenderun's Mystic Bla  Conj/Tloc      7%         2d4       50%         4
 Manifold Assault         Tloc           7%         N/A       50%         4
 Olgreb's Toxic Radiance  Pois           7%         N/A       50%         4
 Summon Ice Beast         Ice/Summ       7%         N/A       50%         4
 Agony                    Necr           7%         N/A       83%         5
 Dispersal                Tloc           3%         N/A       100%        6
 Enfeeble                 Hex            3%         N/A       100%        7
 Disjunction              Tloc           3%         N/A       100%        8

Inventory:

Missiles
 b - 6 throwing nets
Armour
 h - a +2 hat of intelligence (worn)
   (You took it off Gastronok on level 1 of the Lair of Beasts)
 m - a +2 robe of fire resistance
   (You took it off Jessica on level 2 of the Dungeon)
 D - +0 steam dragon scales
   (You found it on level 7 of the Dungeon)
 G - a +0 cloak (worn)
   (You found it on level 8 of the Dungeon)
 O - a +0 troll leather armour (melded)
   (You found it on level 10 of the Dungeon)
 S - the +0 hat "Junisaty" {*Slow Str+8 Stlth-}
   (You found it on level 11 of the Dungeon)

   Str:       It affects your strength (+8).
   *Slow:     It may slow you when you take damage.
   Stlth:     It makes you less stealthy.
Jewellery
 c - a ring of resist corrosion (right claw)
   (You found it on level 1 of the Dungeon)
 k - a +4 ring of protection
   (You found it on level 2 of the Dungeon)
 p - a +6 ring of dexterity
   (You found it on level 4 of the Dungeon)
 t - an amulet of regeneration (around neck)
   (You found it on level 5 of the Dungeon)
 y - an amulet of faith
   (You found it on level 6 of the Dungeon)
 E - a +6 ring of strength
   (You found it on level 7 of the Dungeon)
 K - a +4 ring of evasion (left claw)
   (You found it on level 9 of the Dungeon)
 M - a ring of ice
   (You found it on level 3 of the Lair of Beasts)
 P - a ring of willpower
   (You found it on level 11 of the Dungeon)
 T - a +6 ring of dexterity
   (You found it on level 4 of the Lair of Beasts)
Wands
 l - a wand of digging (4)
   (You took it off Jessica on level 2 of the Dungeon)
 A - a wand of roots (19)
   (You found it on level 6 of the Dungeon)
 B - a wand of mindburst (24)
   (You found it on level 7 of the Dungeon)
 I - a wand of polymorph (18)
   (You found it on level 8 of the Dungeon)
 N - a wand of flame (18)
   (You found it on level 10 of the Dungeon)
 Q - a wand of light (11)
   (You took it off a kobold brigand on level 11 of the Dungeon)
 X - a wand of charming (6)
   (You found it on level 1 of the Shoals)
Scrolls
 a - a scroll of fear
 e - 4 scrolls of enchant armour
 o - 5 scrolls of vulnerability
 s - 4 scrolls of magic mapping
 u - 5 scrolls of noise
 v - 4 scrolls of amnesia
 w - 3 scrolls of silence
 x - 2 scrolls of teleportation
 z - 7 scrolls of butterflies
 C - 2 scrolls of poison
 F - 4 scrolls of blinking
 L - 4 scrolls of identify
 R - 3 scrolls of enchant weapon
 U - a scroll of acquirement
 V - a scroll of torment {unknown}
Potions
 d - a potion of heal wounds
 f - 5 potions of cancellation
 g - 3 potions of brilliance
 i - 6 potions of attraction
 j - 2 potions of ambrosia {unknown}
 n - 8 potions of curing {unknown}
 q - 4 potions of might {unknown}
 r - 6 potions of invisibility
 H - 5 potions of degeneration {unknown}
 J - 3 potions of berserk rage {unknown}
 W - a potion of mutation

Dungeon Overview and Level Annotations

Branches:
Dungeon (12/15) Zot: 38267  Temple (1/1) D:5 Zot: 8667    Lair (5/5) D:11 Zot: 34884
 Shoals (1/4) Lair:2 Zot: 7906   Snake (1/4) Lair:2 Zot: 8998   Slime (0/5) Lair:5
    Orc (2/2) D:10 Zot: 15826     Elf (0/3) Orc:2

Altars:
Ashenzari
Cheibriados
Dithmenos
Elyvilon
Fedhas
Gozag
Hepliaklqana
Kikubaaqudgha
Makhleb
Nemelex Xobeh
Okawaru
Qazlal
Ru
Sif Muna
Trog
Uskayaw
Vehumet
Wu Jian
Xom
Yredelemnul
Zin
The Shining One
Jiyva
Lugonu

Shops:
Orc:2 ?([!

Portals:
Abyss: D:6 Lair:5

Annotations:
D:3 3 runed translucent doors, baller8008's ghost, amateur MfTm; bande's ghost, amateur GrFi; koil's ghost, amateur SpEn; miserystealer's ghost, amateur DsRe; sirJeffrey23's ghost, amateur MiFi
D:6 2 transporters, pigah's ghost, novice OpWn
D:12 exclusion: door

#~~~~~~~~.~~~~~~[..~~..
.. #~~~~~~...~~~~.......~
..~#~~~...##.~~.~~~~~...~
..~#......##.....~.~~~~~~
#~......c#.....~~~~~~~~~
##...!..)~#.....~~~~~~~~~
#~...~~))~#...~~...~~~~~(
#~...~~m.~~....##...~~~~~
~~~..~~.8.......##~[~~~~~
~~~~~~~~.~...~~....~~~...
~~~~~~~~~~~~..~~.........
~~~~m~~~~~~~..~~~........
~~~~~~~~~~~~~....~....#..
~~~~~~.~~~~~~...~~~~.(...
~~~~~~~~~~~~~~~.~~~.~.#..
~.~~~~~~~~~~~~~~.~~..##..
....~~~~≈≈~~~~~..~...##..


You could see a satyr and 2 merfolk aquamancers.


Message History

The merfolk siren chants its luring song.
The water nymph gestures at you while chanting.
The water swirls and strikes you.
The merfolk aquamancer gestures at you while chanting.
The shard of ice hits you. 😮 HP[-26] MP[+1]
You take 26 damage, and now have 112/185 hp.
The merfolk completely misses you.
The merfolk siren chants its luring song.
The merfolk aquamancer closely misses you.
The water nymph completely misses you. The merfolk barely misses you.
The merfolk aquamancer misses you.
The merfolk siren chants its luring song.
The water nymph touches you.
The merfolk aquamancer gestures at you while chanting.
The torrent of water hits you!
The wave splashes down.
The merfolk completely misses you.
The merfolk siren chants its luring song.
The merfolk aquamancer casts a spell at you.
The shard of ice misses you.
The merfolk aquamancer hits you but does no damage.
The water nymph closely misses you.
The merfolk hits you but does no damage.
The merfolk siren misses you.
The merfolk aquamancer hits you with a +0 rapier of venom.
The water nymph misses you.
The merfolk aquamancer hits you but does no damage. 😮 HP[-9] MP[+1]
You take 9 damage, and now have 103/185 hp.
Unknown command.
You barely miss the merfolk siren.
The merfolk hits you but does no damage.
The merfolk siren chants its luring song.
The satyr shoots an arrow.
The arrow hits you!!
* * * LOW HITPOINT WARNING * * *
The merfolk aquamancer points at you and mumbles some strange words.
The shard of ice hits you!!
* * * LOW HITPOINT WARNING * * *
The merfolk aquamancer hits you but does no damage.
The water nymph casts a spell at you. The water swirls and strikes you!
* * * LOW HITPOINT WARNING * * *
You scratch the merfolk siren. You claw the merfolk siren.
The merfolk closely misses you.
The satyr shoots an arrow.
The arrow misses you.
The merfolk siren chants its luring song.
The merfolk aquamancer points at you and mumbles some strange words.
The ball of steam misses you.
The water nymph points at you and mumbles some strange words.
The water swirls and strikes you!
* * * LOW HITPOINT WARNING * * *
The merfolk aquamancer barely misses you. 😱 HP[-67]
You take 67 damage, and now have 36/185 hp.
MASSIVE DAMAGE!! (PAUSE) Unknown command.
Unknown command.
As you read the scroll of fear, it crumbles to dust.
You assume a fearsome visage.
The satyr looks frightened!
The merfolk aquamancer looks frightened! x2
The water nymph looks frightened!
The merfolk looks frightened!
The merfolk siren looks frightened!
You are engulfed in a cloud of scalding steam.
The merfolk siren stops singing.
You are no longer entranced.
The merfolk cries, "Mercy!"
The merfolk aquamancer mumbles some strange words.
The merfolk aquamancer blinks!
The merfolk aquamancer casts a spell.
The merfolk aquamancer blinks!
The water nymph pleads, "Please don't kill me!"
The merfolk aquamancer mumbles some strange words.
The merfolk aquamancer blinks!
The merfolk siren begs for mercy.
The merfolk aquamancer mumbles some strange words.
The merfolk aquamancer blinks! 😱 HP[+3]
You regained 3 hp, and now have 39/185 hp.
Unknown command.
Unknown command.
You are engulfed in a cloud of scalding steam.
The merfolk aquamancer seems to regain its courage.
The merfolk aquamancer points at you and mumbles some strange words.
The ball of steam hits you!!
* * * LOW HITPOINT WARNING * * *
😱 HP[-17] MP[+1]
You take 17 damage, and now have 22/185 hp.
Unknown command.
You mangle the merfolk aquamancer!!
The satyr seems to regain its courage.
The merfolk aquamancer casts a spell at you.
The shard of ice misses you.
The satyr shoots an arrow.
The arrow hits you!
* * * LOW HITPOINT WARNING * * *
The merfolk aquamancer is engulfed in a cloud of scalding steam. 😱 HP[-9]
You take 9 damage, and now have 13/185 hp.
Unknown command.
You barely miss the merfolk aquamancer.
The merfolk aquamancer gestures at you while chanting.
The torrent of water hits you!!
You die...

Skill      XL: |  1  2  3  4  5  6  7  8  9 10 11 12 13 14 |
---------------+-------------------------------------------+-----
Fighting       | 1 2 3 4 5 7 8 10 | 10.0
Dodging        | 2 3 4 5 7 8 10 | 10.0
Unarmed Combat | 4 5 6 7 9 10 | 10.0
Transmutations | 4 9 12 13 | 13.2
Earth Magic    | 3 7 10 | 10.0
Spellcasting   | 4 |  4.7
Throwing       | |  0.9

Action                   |  1- 3 |  4- 6 |  7- 9 | 10-12 | 13-15 || total
-------------------------+-------+-------+-------+-------+-------++-------
Melee: Unarmed           |    96 |   156 |   317 |   581 |   430 ||  1580
       Punch             |     2 |     4 |    12 |    53 |    33 ||   104
 Cast: Wereblood         |       |       |     4 |     9 |     3 ||    16
       Statue Form       |       |       |       |       |    38 ||    38
Invok: Bend Time         |       |       |       |     1 |       ||     1
  Use: Scroll            |       |     6 |     3 |    10 |     1 ||    20
       Potion            |       |     1 |     2 |     4 |     2 ||     9
 Stab: Sleeping          |       |       |     1 |     2 |     2 ||     5
Armor: Robe              |    33 |    93 |   169 |    99 |       ||   394
       Skin              |       |       |    19 |       |   273 ||   292
       Troll leather arm |       |       |       |   157 |    34 ||   191
Dodge: Dodged            |    49 |    60 |   272 |   884 |   862 ||  2127

Levels and vault maps discovered:
D:1:      minmay_arrival_hallway, layout_loops_ring,
          dreamdust_ecumenical_altar_hidden_monk_grotto,
          chequers_serial_rivers_micro_a
D:2:      layout_basic, minmay_misc_feat_chi, uniq_jessica, uniq_robin
D:3:      layout_loops_cross, grunt_temple_overflow_order_and_chaos_2,
          gammafunk_ghost_cemetery, minmay_diced_spiral
D:4:      layout_basic, dilly_guarded_unrand_morg, uniq_sigmund, uniq_natasha,
          uniq_menkaure
D:5:      layout_rooms, cheibrodos_worm_habitat, minmay_temple_entry_ruins,
          chequers_serial_rivers_micro_b
D:6:      layout_basic, mainiacjoe_overflow_surrounded_room,
          gammafunk_ghost_abyssal_escape
D:7:      layout_rooms, uniq_joseph
D:8:      layout_layer_cave
D:9:      layout_layer_cave, amcnicky_altar_gilded, uniq_prince_ribbit1
D:10:     layout_roguey, nicolae_elyvilon_temple_path, orc_0_dummy,
          hangedman_decor_diamond_cutter, grunt_ministairs_3,
          kennysheep_pointless_box
D:11:     layout_irregular_city, erik_lair_island, gammafunk_ghost_nasty_kobolds
D:12:     layout_grid_maze, hangedman_incinerator
Temple:   minmay_temple_bridge_d
Lair:1:   layout_gridlike, grunt_megastairs_2, serial_bayou_shore_a, uniq_erica,
          uniq_gastronok
Lair:2:   layout_regular_city, minmay_shoals_entry_centaurs,
          guppyfry_snake_entry_island, chequers_serial_rivers_room_b
Lair:3:   layout_gridlike
Lair:4:   layout_cave_pods
Lair:5:   hellmonk_lair_end_abyssal_woods, layout_concentric_octagons,
          nicolae_slime_entry_slimehenge, columned_hall_lemuel,
          lemuel_fruit_fields
Shoals:1: cheibrodos_shoals_oceanic_diplomacy, layout_shoals,
          nicolae_shoals_aquamancer_cove, uniq_donald, uniq_nikola
Snake:1:  layout_onion, hangedman_snake_thin_pillar_pass, uniq_azrael
Orc:1:    layout_diamond_mine, nicolae_orc_sculptors_studio, uniq_maurice
Orc:2:    grunt_orc_community_town_hall, layout_caves,
          grunt_orc_community_big_house_2, grunt_orc_community_big_house_2,
          grunt_orc_community_house_3, grunt_orc_community_house_3,
          grunt_orc_community_house_3, grunt_orc_community_house_3

Notes
Turn   | Place    | Note
-------+----------+-------------------------------------------
     0 | D:1      | ytrimaz the Troll Transmuter began the quest for the Orb.
     0 | D:1      | Reached XP level 1. HP: 18/18 MP: 1/1
     0 | D:1      | magus.rc [v1.9.6]
    64 | D:1      | Reached skill level 1 in Fighting
    99 | D:1      | You pick up a book of the Warp and begin reading...
    99 | D:1      | You add the spells Manifold Assault, Dispersal and
                  | Disjunction to your library.
   137 | D:1      | Reached XP level 2. HP: 27/27 MP: 2/2
   212 | D:1      | Learned a level 2 spell: Wereblood
   259 | D:1      | Reached skill level 2 in Dodging
   614 | D:1      | Found a faded altar of an unknown god.
   709 | D:2      | Reached XP level 3. HP: 33/33 MP: 3/3
   800 | D:2      | Noticed Robin
   829 | D:2      | Killed Robin
   846 | D:2      | Reached XP level 4. HP: 42/42 MP: 4/4
   855 | D:2      | Reached skill level 2 in Fighting
   966 | D:2      | Noticed Jessica
   970 | D:2      | Killed Jessica
   971 | D:2      | Reached skill level 4 in Unarmed Combat
  1139 | D:2      | You pick up a book of Party Tricks and begin reading...
  1139 | D:2      | You add the spells Apportation and Alistair's Intoxication
                  | to your library.
  1470 | D:3      | Reached XP level 5. HP: 49/49 MP: 5/5
  1625 | D:3      | Reached skill level 3 in Dodging
  1719 | D:3      | Reached XP level 6. HP: 54/59 MP: 6/6
  1784 | D:3      | Found a runed translucent gate.
  1785 | D:3      | Found a runed translucent gate.
  1786 | D:3      | Found a runed translucent gate.
  1786 | D:3      | Noticed baller8008's ghost (amateur MfTm)
  1786 | D:3      | Noticed miserystealer's ghost (amateur DsRe)
  1787 | D:3      | Noticed koil's ghost (amateur SpEn)
  1787 | D:3      | Noticed sirJeffrey23's ghost (amateur MiFi)
  1787 | D:3      | Noticed bande's ghost (amateur GrFi)
  1909 | D:3      | Found a burning altar of Makhleb.
  1914 | D:3      | Noticed a blizzard demon
  1917 | D:3      | Found a glowing silver altar of Zin.
  1917 | D:3      | Noticed an angel
  2334 | D:4      | You add the spells Sting, Poisonous Vapours and Olgreb's
                  | Toxic Radiance to your library.
  2385 | D:4      | Reached skill level 3 in Fighting
  2411 | D:4      | You pick up a book of Air and begin reading...
  2411 | D:4      | You add the spells Shock, Swiftness and Airstrike to your
                  | library.
  2439 | D:4      | Identified the +1 hand axe of the Crafting Whale {vorpal,
                  | rCorr Int+5}
  2615 | D:4      | Noticed Menkaure
  2619 | D:4      | HP: 15/61 [Menkaure/nerve-wracking pain (5)]
  2621 | D:4      | Killed Menkaure
  2622 | D:4      | Reached skill level 5 in Unarmed Combat
  2750 | D:4      | Noticed Sigmund
  2769 | D:4      | Killed Sigmund
  2770 | D:4      | Reached skill level 4 in Dodging
  2770 | D:4      | Reached XP level 7. HP: 63/68 MP: 7/7
  2791 | D:4      | You fall into a shaft and drop 1 floor!
  2791 | D:5      | Entered Level 5 of the Dungeon
  2793 | D:5      | Found a snail-covered altar of Cheibriados.
  2811 | D:5      | Became a worshipper of Cheibriados the Contemplative
  2968 | D:5      | Reached skill level 4 in Fighting
  3135 | D:5      | Reached skill level 6 in Unarmed Combat
  3153 | D:5      | Reached XP level 8. HP: 34/79 MP: 8/8
  3335 | D:4      | Noticed Natasha
  3336 | D:4      | Found the +4 dagger "Morg" {pain, Will+ Int+5}
  3340 | D:4      | Killed Natasha
  3343 | D:4      | Reached * piety under Cheibriados
  3371 | D:4      | You pick up a book of Necromancy and begin reading...
  3371 | D:4      | You add the spells Necrotise, Vampiric Draining and Agony
                  | to your library.
  3534 | D:4      | Noticed Natasha
  3539 | D:4      | Killed Natasha
  3540 | D:4      | Reached skill level 5 in Dodging
  3575 | D:4      | Noticed Natasha
  3580 | D:4      | Killed Natasha
  3655 | D:5      | Reached skill level 5 in Fighting
  3811 | D:5      | Reached skill level 7 in Unarmed Combat
  3823 | D:5      | Reached ** piety under Cheibriados
  3969 | D:5      | Found a staircase to the Ecumenical Temple.
  4088 | Temple   | Entered the Ecumenical Temple
  4318 | D:5      | Identified a scroll of acquirement
  4318 | D:5      | Acquired a manual of Transmutations
  4483 | D:6      | Found a transporter.
  4517 | D:6      | Found a transporter.
  4904 | D:6      | Reached XP level 9. HP: 88/88 MP: 9/9
  4919 | D:6      | Found a hide-covered altar of Uskayaw.
  5226 | D:6      | Found a one-way gate to the infinite horrors of the Abyss.
  5226 | D:6      | Noticed pigah's ghost (novice OpWn)
  5229 | D:6      | Noticed a brown ugly thing
  5240 | D:6      | Noticed a toenail golem
  5260 | D:6      | Reached skill level 6 in Dodging
  5599 | D:7      | Paralysed by a hornet for 2 turns
  5605 | D:7      | Reached skill level 6 in Fighting
  5617 | D:7      | Reached skill level 8 in Unarmed Combat
  5620 | D:7      | Identified the +1 leather armour of Vlad {Harm *Corrode
                  | rPois Will+++}
  5641 | D:7      | Reached *** piety under Cheibriados
  5725 | D:7      | You pick up a book of Maledictions and begin reading...
  5725 | D:7      | You add the spells Anguish and Enfeeble to your library.
  5739 | D:7      | You pick up a book of the Hunter and begin reading...
  5739 | D:7      | You add the spells Call Canine Familiar, Portal Projectile
                  | and Leda's Liquefaction to your library.
  6041 | D:7      | Noticed Joseph
  6056 | D:7      | Killed Joseph
  6057 | D:7      | Reached skill level 7 in Dodging
  6233 | D:8      | Reached skill level 7 in Fighting
  6233 | D:8      | Reached skill level 9 in Unarmed Combat
  6233 | D:8      | Reached XP level 10. HP: 102/102 MP: 10/10
  6270 | D:8      | Reached **** piety under Cheibriados
  7133 | D:9      | Found an ancient bone altar of Kikubaaqudgha.
  7230 | D:9      | Noticed Prince Ribbit
  7265 | D:9      | Killed Prince Ribbit
  7710 | D:9      | Reached ***** piety under Cheibriados
  7978 | D:9      | You pick up a book of the Earth and begin reading...
  7978 | D:9      | You add the spells Lee's Rapid Deconstruction and Statue
                  | Form to your library.
  8153 | D:9      | Learned a level 6 spell: Statue Form
  8205 | D:10     | Entered Level 10 of the Dungeon
  8234 | D:10     | Found a white marble altar of Elyvilon.
  8443 | D:10     | Found a staircase to the Orcish Mines.
  8576 | D:10     | Reached skill level 8 in Dodging
  8584 | D:10     | Reached skill level 8 in Fighting
  8584 | D:10     | Reached skill level 10 in Unarmed Combat
  9214 | D:10     | Upgraded the game from 0.30-a0-310-g7d6cbdfea6 to
                  | 0.30-a0-311-gf115ab0292
  9214 | D:10     | magus.rc [v1.9.6]
  9268 | D:11     | Noticed a two-headed ogre
  9278 | D:11     | Killed a two-headed ogre
  9348 | D:11     | Reached XP level 11. HP: 96/113 MP: 11/11
  9450 | D:11     | HP: 28/113 [drowned by a water elemental (4)]
  9528 | D:11     | Reached skill level 9 in Dodging
  9543 | D:11     | Reached skill level 9 in Fighting
  9693 | D:11     | You add the spells Blink and Storm Form to your library.
  9706 | D:11     | Noticed a two-headed ogre
  9731 | D:11     | Found a runed translucent gate.
  9732 | D:11     | Found a runed translucent gate.
  9733 | D:11     | Noticed idiolect's ghost (journeyman DjCj)
  9733 | D:11     | Found a runed translucent gate.
  9790 | D:11     | Found a staircase to the Lair.
  9800 | D:11     | Killed a two-headed ogre
  9976 | D:11     | Noticed a sixfirhy
  9990 | D:11     | Reached ****** piety under Cheibriados
  9998 | D:11     | Killed idiolect's ghost
 10043 | D:11     | Identified the +0 hat "Junisaty" {*Slow Str+8 Stlth-}
 10147 | D:12     | Noticed a centaur warrior
 10156 | D:12     | Killed a centaur warrior
 10157 | D:12     | Reached skill level 10 in Fighting
 10157 | D:12     | Reached skill level 10 in Dodging
 10183 | D:12     | Reached skill level 2 in Transmutations
 10183 | D:12     | Reached skill level 1 in Earth Magic
 10434 | D:12     | You pick up a book of Geomancy and begin reading...
 10434 | D:12     | You add the spells Sandblast, Passwall and Stone Arrow to
                  | your library.
 10517 | D:12     | Reached skill level 3 in Transmutations
 10517 | D:12     | Reached skill level 2 in Earth Magic
 10637 | D:12     | HP: 29/117 [troll (6)]
 10637 | D:12     | HP: 4/117 [enormous slime creature (25)]
 10643 | D:12     | HP: 20/117 [large slime creature (30)]
 10651 | D:12     | Reached skill level 4 in Transmutations
 10651 | D:12     | Reached skill level 3 in Earth Magic
 10651 | D:12     | Reached XP level 12. HP: 72/126 MP: 12/12
 10848 | D:12     | You pick up a book of Alchemy and begin reading...
 10848 | D:12     | You add the spells Sublimation of Blood, Petrify and
                  | Irradiate to your library.
 11192 | Lair:1   | Entered Level 1 of the Lair of Beasts
 11219 | Lair:1   | Noticed a catoblepas
 11236 | Lair:1   | Killed a catoblepas
 11268 | Lair:1   | Reached skill level 5 in Transmutations
 11281 | Lair:1   | Reached skill level 4 in Earth Magic
 11454 | Lair:1   | Noticed Erica
 11466 | Lair:1   | Killed Erica
 11592 | Lair:1   | Reached skill level 6 in Transmutations
 11607 | Lair:1   | Reached skill level 5 in Earth Magic
 11946 | Lair:1   | Noticed Gastronok
 11957 | Lair:1   | Killed Gastronok
 12151 | Lair:1   | Reached skill level 7 in Transmutations
 12377 | Lair:2   | Found a staircase to the Snake Pit.
 12385 | Lair:2   | Reached skill level 6 in Earth Magic
 12393 | Lair:2   | Noticed a boulder beetle
 12416 | Lair:2   | Killed a boulder beetle
 12439 | Lair:2   | Reached skill level 8 in Transmutations
 12734 | Lair:2   | You pick up a book of Dreams and begin reading...
 12776 | Lair:2   | Noticed a seven-headed hydra
 12860 | Lair:2   | Killed a 12-headed hydra
 12930 | Lair:2   | Found a staircase to the Shoals.
 13124 | Snake:1  | Entered Level 1 of the Snake Pit
 13124 | Snake:1  | Noticed a naga warrior
 13197 | Lair:3   | Reached skill level 7 in Earth Magic
 13320 | Lair:3   | Reached skill level 9 in Transmutations
 14067 | Lair:4   | Reached XP level 13. HP: 124/133 MP: 7/13
 14751 | Lair:4   | Reached skill level 8 in Earth Magic
 15150 | Lair:5   | Entered Level 5 of the Lair of Beasts
 15159 | Lair:5   | Reached skill level 10 in Transmutations
 15430 | Lair:5   | Found a viscous altar of Jiyva.
 15430 | Lair:5   | Found a staircase to the Slime Pits.
 15561 | Lair:5   | Reached skill level 9 in Earth Magic
 15645 | Lair:5   | Reached skill level 11 in Transmutations
 16062 | Lair:5   | Reached skill level 10 in Earth Magic
 16143 | Lair:5   | Identified the +2 morningstar of Omuff {elec, *Rage rF++
                  | Will+++ Str-3}
 16240 | Lair:5   | Found a corrupted altar of Lugonu.
 16244 | Lair:5   | Reached skill level 12 in Transmutations
 16244 | Lair:5   | Reached XP level 14. HP: 143/143 MP: 5/14
 16255 | Lair:5   | You add the spells Static Discharge, Iskenderun's Mystic
                  | Blast and Summon Ice Beast to your library.
 16255 | Lair:5   | Got Lodurr's Volume of the Chill and Outbursts
 16686 | Orc:1    | Entered Level 1 of the Orcish Mines
 16836 | Orc:2    | Entered Level 2 of the Orcish Mines
 16978 | Orc:2    | Found Gumm's Magic Scroll Boutique.
 17104 | Orc:2    | Found a staircase to the Elven Halls.
 17393 | Orc:2    | Reached skill level 2 in Spellcasting
 17396 | Orc:2    | Noticed an orc warlord
 17406 | Orc:2    | Killed an orc warlord
 17440 | Orc:2    | Found Osipn's Antique Weapon Shop.
 17442 | Orc:2    | Found Xicreh's Antique Armour Boutique.
 17709 | Orc:2    | Found Ficoga's Distillery.
 17714 | Orc:2    | Bought a potion of mutation for 128 gold pieces
 17714 | Orc:2    | Bought a potion of invisibility for 128 gold pieces
 17714 | Orc:2    | Bought a potion of cancellation for 128 gold pieces
 17714 | Orc:2    | Bought a potion of brilliance for 64 gold pieces
 17940 | Shoals:1 | Entered Level 1 of the Shoals
 17942 | Shoals:1 | Noticed Nikola
 17974 | Shoals:1 | HP: 45/185 [Nikola/arc of chain lightning (24)]
 17982 | Shoals:1 | Killed Nikola
 17983 | Shoals:1 | Reached skill level 3 in Spellcasting
 17985 | Shoals:1 | HP: 39/185 [merfolk/+0 trident (17)]
 17986 | Shoals:1 | HP: 19/185 [faun/+0 quarterstaff (8)]
 18139 | Shoals:1 | Noticed Donald
 18146 | Shoals:1 | Killed Donald
 18193 | Shoals:1 | Reached skill level 4 in Spellcasting
 18263 | Shoals:1 | Reached skill level 13 in Transmutations
 18462 | Shoals:1 | Learned a level 5 spell: Irradiate
 18470 | Shoals:1 | Learned a level 7 spell: Storm Form
 18539 | Shoals:1 | HP: 36/185 [water nymph/the raging water (17)]
 18542 | Shoals:1 | HP: 13/185 [satyr/arrow (12)]
 18543 | Shoals:1 | Killed from afar by a merfolk aquamancer

Vanquished Creatures
  Nikola (Shoals:1)
  Gastronok (Lair:1)
  Donald (Shoals:1)
  An orc warlord (Orc:2)
  A merfolk impaler (Shoals:1)
  2 hydras
  The ghost of idiolect the Thaumaturge, a journeyman DjCj of Makhleb (D:11)
  A merfolk avatar (Shoals:1)
  A boulder beetle (Lair:2)
  A catoblepas (Lair:1)
  Erica (Lair:1)
  A centaur warrior (D:12)
  3 merfolk aquamancers (Shoals:1)
  6 death yaks (Lair:5)
  3 two-headed ogres
  3 thrashing horrors (Lair:5)
  2 sea snakes (Shoals:1)
  5 harpies (Shoals:1)
  2 orc knights
  3 elephants (Lair:5)
  An ugly thing (Lair:5)
  5 manticores (Shoals:1)
  A cyclops (D:12)
  8 fauns
  2 merfolk sirens (Shoals:1)
  Joseph (D:7)
  2 smoke demons (Lair:5)
  7 cane toads
  2 gargoyles
  2 black mambas
  A rime drake (Lair:5)
  An ancient zyme (Lair:5)
  2 kobold demonologists (D:11)
  6 komodo dragons
  Prince Ribbit (D:9)
  6 merfolk
  4 trolls
  2 hornets
  2 slime creatures (D:12)
  16 blink frogs
  A wind drake (Shoals:1)
  15 dream sheep (Lair:5)
  A water elemental (D:11)
  2 spriggans (Lair:5)
  Sigmund (D:4)
  3 wraiths
  2 wyverns
  23 yaks
  A ynoxinul (Lair:5)
  6 basilisks
  4 fire bats (D:12)
  2 large abominations (Lair:5)
  3 steam dragons
  4 chaos spawn (Lair:5)
  4 vampire mosquitoes (D:11)
  Menkaure (D:4)
  3 nagas (Lair:2)
  3 acid dragons
  14 water moccasins
  24 orc warriors
  7 black bears
  An ice beast (D:6)
  An ogre (Orc:1)
  14 wolves
  6 centaurs
  10 bullfrogs
  14 kobold brigands
  A necrophage (D:5)
  3 gnoll sergeants
  A scorpion (D:5)
  8 wights (D:7)
  13 small abominations (Lair:5)
  3 killer bees (D:7)
  4 howler monkeys (D:8)
  5 electric eels
  13 hounds
  4 jellies
  A gnoll bouda (D:9)
  13 orc priests
  Jessica (D:2)
  3 iguanas
  Natasha (thrice) (D:4)
  23 orc wizards
  2 scorpion zombies (D:4)
  A hound zombie (D:4)
  A hound skeleton (D:4)
  Robin (D:2)
  23 gnolls
  6 adders
  2 shadow imps
  2 ufetubi (D:6)
  A spectral adder (D:4)
  2 worms
  3 dart slugs
  74 orcs
  9 endoplasms
  2 giant cockroaches
  10 goblins
  10 hobgoblins
  15 kobolds
  2 quokkas
  7 ball pythons
  6 bats
  3 frilled lizards
  A quokka zombie (D:4)
  9 rats
573 creatures vanquished.

Vanquished Creatures (collateral kills)
  A slime creature (D:12)
  A troll (D:12)
  An orc (D:12)
3 creatures vanquished.

Vanquished Creatures (others)
  A merfolk javelineer (Shoals:1)
  3 fauns (Shoals:1)
  An orc (D:3)
  A fire vortex (D:12)
  20 fungi
  30 plants
  7 withered plants (D:4)
63 creatures vanquished.

Grand Total: 639 creatures vanquished

Table legend:
 A = Non-vault XP
 B = Vault XP
 C = Vault XP percentage of total XP
 D = Non-vault monster count
 E = Vault monster count
 F = Vault count percentage of total count
                 A         B        C        D         E       F
            +---------+---------+-------+---------+---------+-------
      Total |   60612 |   34983 |  36.6 |     384 |     193 |  33.4
            +---------+---------+-------+---------+---------+-------
        D:1 |      36 |       0 |   0.0 |      24 |       0 |   0.0
        D:2 |      77 |      74 |  49.0 |      15 |      13 |  46.4
        D:3 |     229 |       1 |   0.4 |      25 |       1 |   3.8
        D:4 |     151 |     538 |  78.1 |      12 |       9 |  42.9
        D:5 |    1282 |       5 |   0.4 |      29 |       1 |   3.3
        D:6 |     886 |       0 |   0.0 |      16 |       0 |   0.0
        D:7 |    1464 |     450 |  23.5 |      23 |       1 |   4.2
        D:8 |     853 |       0 |   0.0 |      21 |       0 |   0.0
        D:9 |    1561 |     286 |  15.5 |      32 |       1 |   3.0
       D:10 |    1896 |     250 |  11.6 |      16 |       2 |  11.1
       D:11 |    4103 |    3456 |  45.7 |      18 |      24 |  57.1
       D:12 |    4353 |     778 |  15.2 |      19 |       4 |  17.4
     Lair:1 |    2639 |    3536 |  57.3 |      13 |       8 |  38.1
     Lair:2 |    4036 |    1746 |  30.2 |      17 |       9 |  34.6
     Lair:3 |    3558 |       0 |   0.0 |      12 |       0 |   0.0
     Lair:4 |    5121 |       0 |   0.0 |      20 |       0 |   0.0
     Lair:5 |   13834 |   10287 |  42.6 |      40 |      46 |  53.5
   Shoals:1 |   12618 |    9107 |  41.9 |      24 |      12 |  33.3
      Orc:1 |    1093 |       0 |   0.0 |       7 |       0 |   0.0
      Orc:2 |     822 |    4469 |  84.5 |       1 |      62 |  98.4
            +---------+---------+-------+---------+---------+-------

Illustrated notes

Table legend:
 A = Kills in this place as a percentage of kills in entire the game.
 B = Kills by you in this place as a percentage of kills by you in the entire game.
 C = Kills by friends in this place as a percentage of kills by friends in the entire game.
 D = Other kills in this place as a percentage of other kills in the entire game.
 E = Experience gained in this place as a percentage of experience gained in the entire game.
 F = Experience gained in this place divided by the number of levels of this place that you have seen.
                   A       B       C       D       E      F
               +-------+-------+-------+-------+-------+----------------------
         Total | 100.0 | 100.0 | 100.0 | 100.0 | 100.0 | 4345.2
       Dungeon |  53.0 |  53.0 | 100.0 |   0.0 |  23.8 | 1894.1
          Lair |  28.6 |  28.8 |   0.0 |   0.0 |  46.8 | 8951.4
        Shoals |   6.2 |   5.9 |   0.0 | 100.0 |  22.7 | 21725.0
  Orcish Mines |  12.1 |  12.2 |   0.0 |   0.0 |   6.7 | 3192.0
               +-------+-------+-------+-------+-------+----------------------

Table legend: (Time is in decaauts)
 A = Elapsed time spent in this place.
 B = Non-inter-level travel time spent in this place.
 C = Inter-level travel time spent in this place.
 D = Time resting spent in this place.
 E = Time spent auto-exploring this place.
 F = Levels seen in this place.
 G = Mean time per level.
                   A        B        C        D        E       F      G
               +--------+--------+--------+--------+--------+-----+--------+
         Total |  29680 |  27746 |   1934 |    449 |  22470 |  22 | 1349.1 |
       Dungeon |  15959 |  15142 |    817 |    266 |  12348 |  12 | 1329.9 |
        Temple |    332 |    321 |     11 |      0 |    305 |   1 |  332.0 |
          Lair |  10121 |   9238 |    883 |    183 |   7549 |   5 | 2024.2 |
        Shoals |   1091 |   1091 |      0 |      0 |    649 |   1 | 1091.0 |
     Snake Pit |      1 |      1 |      0 |      0 |      0 |   1 |    1.0 |
  Orcish Mines |   2174 |   1953 |    221 |      0 |   1617 |   2 | 1087.0 |
               +--------+--------+--------+--------+--------+-----+--------+

Top non-repeatable levels by time:
  Lair:5: 2560 daAuts
  Lair:4: 2315 daAuts
     D:9: 2051 daAuts
  Lair:1: 2041 daAuts
    D:12: 1989 daAuts
    D:10: 1902 daAuts
   Orc:2: 1823 daAuts
  Lair:2: 1810 daAuts
     D:6: 1682 daAuts
    D:11: 1602 daAuts
  Lair:3: 1394 daAuts
     D:8: 1362 daAuts
     D:5: 1267 daAuts
Shoals:1: 1091 daAuts
     D:7: 935 daAuts
